 Dungeon Crawl Stone Soup version 0.29.0-4-gdea44cf6ec (webtiles) character file.

Game seed: 13318072542974231900

110 qw the Chopper (level 4, -3/26 HPs)
             Began as a Tengu Warper on Aug 28, 2022.
             Slain by an orc
             ... wielding a +0 whip
              (5 damage)
             ... on level 3 of the Dungeon.
             The game lasted 00:00:11 (2727 turns).

qw the Chopper (Tengu Warper)                       Turns: 2727, Time: 00:00:12

Health: -3/26      AC:  9    Str: 13    XL:     4   Next: 91%
Magic:  8/8        EV:  6    Int: 14    God:
Gold:   133        SH:  0    Dex: 13    Spells: 7/7 levels left

rFire   . . .      SeeInvis .   Y - +0 hand axe
rCold   . . .      Faith    .   (no shield)
rNeg    . . .      Spirit   .   e - +0 chain mail
rPois   .          Reflect  .   (helmet restricted)
rElec   .          Harm     .   (no cloak)
rCorr   .          Rampage  .   f - +0 pair of gloves
Will    +....                   (boots unavailable)
Stlth   ..........              (no amulet)
HPRegen 0.08/turn               b - ring of willpower
MPRegen 0.11/turn               (no ring)

@: about to teleport
A: beak, talons 3
a: no special abilities


You were on level 3 of the Dungeon.
You visited 1 branch of the dungeon, and saw 3 of its levels.

You collected 133 gold pieces.


Innate Abilities, Weirdness & Mutations

You have a beak for a mouth.
You have claws for feet.


   Skills:
 - Level 2.0 Fighting
 + Level 5.0 Axes
 - Level 1.0 Throwing
 - Level 2.2 Armour
 - Level 2.1 Dodging
 - Level 2.0 Spellcasting
 - Level 2.4 Translocations


You had 7 spell levels left.
You didn't know any spells.
Your spell library contained the following spells:

 Spells                   Type           Power      Damage    Failure   Level
 Blink                    Tloc           16%        N/A       99%         2
 Gell's Gravitas          Tloc           8%         N/A       100%        3
 Lesser Beckoning         Tloc           8%         N/A       100%        3
 Teleport Other           Tloc           8%         N/A       100%        3
 Manifold Assault         Tloc           8%         N/A       100%        5

Inventory:

Hand Weapons
 a - a +0 flail
 Y - a +0 hand axe (weapon)
Missiles
 h - a javelin (quivered)
Armour
 e - a +0 chain mail (worn)
 f - a +0 pair of gloves (worn)
Jewellery
 b - a ring of willpower (left hand)
Scrolls
 j - a scroll of identify
Potions
 d - a potion of degeneration {unknown}
 g - a potion of mutation {unknown}
 i - a potion of curing
 k - a potion of flight {unknown}

Dungeon Overview and Level Annotations

Branches:
Dungeon (3/15)

Altars:

Shops:
D:1 (


Message History

The orc priest barely misses you. The orc hits you with a +0 whip.
You hit the orc priest but do no damage.
The orc priest is severely wounded.
You hit the orc.
The orc priest hits you with a +0 hand axe.
You hit the orc priest.
You kill the orc priest!
You hit the orc but do no damage. The orc barely misses you.
Your Armour skill increases to level 2!
You hit the orc but do no damage.
The orc is moderately wounded.
You closely miss the orc. You hit the orc. The orc completely misses you.
The orc hits you but does no damage. The orc closely misses you.
You hit the orc. You claw the orc.
You kill the orc!
You barely miss the orc. You closely miss the orc.
The orc hits you but does no damage. x2
You closely miss the orc. You peck the orc, but do no damage.
The orc is moderately wounded.
You hit the orc. The orc hits you with a +0 whip.
The orc hits you but does no damage.
You barely miss the orc. You claw the orc, but do no damage.
The orc is heavily wounded.
You hit the orc but do no damage. The orc hits you but does no damage. x2
You hit the orc but do no damage. You claw the orc, but do no damage.
The orc is heavily wounded.
You completely miss the orc. The orc hits you with a +0 club.
The orc hits you with a +0 whip.
2726 ||| READING scroll of teleportation.
As you read the scroll of teleportation, it crumbles to dust.
You feel strangely unstable. The orc hits you with a +0 club.
The orc hits you with a +0 whip.
You barely miss the orc. You claw the orc.
The orc is heavily wounded.
You hit the orc but do no damage. The orc barely misses you.
The orc hits you with a +0 whip.
You die...

#...##
###..#
##.#
#.##
#..#
##.##
#..###
#oo..##
#@)...#
####..#
..#
..o#
#..#
...
####


You could see 2 orcs.

Vanquished Creatures
  An orc priest (D:3)
  Jessica (D:3)
  An adder (D:3)
  A dart slug (D:1)
  An orc (D:3)
  3 endoplasms (D:2)
  A giant cockroach (D:2)
  4 goblins
  5 hobgoblins
  6 jackals (D:1)
  2 quokkas (D:2)
  4 ball pythons
  3 bats
  3 frilled lizards (D:1)
  3 kobolds
  3 rats
42 creatures vanquished.

Notes
Turn   | Place    | Note
-------+----------+-------------------------------------------
     0 | D:1      | qw the Tengu Warper began the quest for the Orb.
     0 | D:1      | Reached XP level 1. HP: 12/12 MP: 4/4
     0 | D:1      | 0 ||| qw: Version: 0.1-a-89-g26bdef1
     0 | D:1      | 0 ||| qw: Game counter: 936
     0 | D:1      | 0 ||| qw: Always use a shield: true
     0 | D:1      | 0 ||| qw: God list: Okawaru
     0 | D:1      | 0 ||| qw: Allow faded altars: false
     0 | D:1      | 0 ||| qw: Do Orc after D:15 true
     0 | D:1      | 0 ||| qw: Do second Lair branch before Depths: true
     0 | D:1      | 0 ||| qw: Lair rune preference: random
     0 | D:1      | 0 ||| qw: Plans: Normal
     0 | D:1      | 0 ||| PLANNING D:1-11
    61 | D:1      | 61 ||| Stepping ~*~*~tactically~*~*~ (stealth).
    63 | D:1      | 63 ||| Stepping ~*~*~tactically~*~*~ (stealth).
   337 | D:1      | 337 ||| Stepping ~*~*~tactically~*~*~ (hiding).
   442 | D:1      | Reached skill level 3 in Axes
   442 | D:1      | Reached XP level 2. HP: 17/17 MP: 6/6
   627 | D:1      | 627 ||| Stepping ~*~*~tactically~*~*~ (stealth).
   759 | D:1      | 759 ||| DROPPING +0 club.
   849 | D:1      | Reached XP level 3. HP: 19/21 MP: 7/7
   979 | D:1      | Found Suocsu's Antique Weapon Shoppe.
   988 | D:1      | 988 ||| SHOPLISTING war axe (80 gold, have 9).
   997 | D:1      | Found a faded altar of an unknown god.
  1015 | D:1      | Found a faded altar of an unknown god.
  1330 | D:1      | 1330 ||| UPGRADING to +0 pair of gloves.
  1335 | D:1      | 1335 ||| UPGRADING to +0 ring mail.
  1345 | D:1      | 1345 ||| DROPPING +0 leather armour.
  1346 | D:1      | 1346 ||| READING scroll labelled NES ERIL ZATZ.
  1349 | D:1      | 1349 ||| READING scroll labelled DASEDASOMN.
  1350 | D:1      | 1350 ||| DROPPING scroll of blinking.
  1395 | D:2      | 1395 ||| Stepping ~*~*~tactically~*~*~ (stealth).
  1396 | D:2      | 1396 ||| Stepping ~*~*~tactically~*~*~ (stealth).
  1397 | D:2      | 1397 ||| Stepping ~*~*~tactically~*~*~ (stealth).
  1434 | D:2      | 1434 ||| DROPPING +0 whip.
  1634 | D:2      | Reached skill level 4 in Axes
  2092 | D:2      | 2092 ||| Stepping ~*~*~tactically~*~*~ (stealth).
  2470 | D:2      | 2470 ||| UPGRADING to +0 chain mail.
  2480 | D:2      | 2480 ||| DROPPING +0 ring mail.
  2481 | D:2      | 2481 ||| UPGRADING to ring of willpower.
  2482 | D:2      | 2482 ||| READING scroll labelled NAZUROFANE.
  2483 | D:2      | 2483 ||| READING scroll labelled GEKHOS GYNIKO.
  2484 | D:2      | 2484 ||| DRINKING 2 smoky puce potions.
  2603 | D:3      | Noticed Jessica
  2614 | D:3      | Killed Jessica
  2615 | D:3      | Reached XP level 4. HP: 23/26 MP: 8/8
  2677 | D:3      | Reached skill level 5 in Axes
  2704 | D:3      | 2704 ||| Stepping ~*~*~tactically~*~*~ (stealth).
  2707 | D:3      | 2707 ||| Stepping ~*~*~tactically~*~*~ (hiding).
  2708 | D:3      | 2708 ||| Stepping ~*~*~tactically~*~*~ (hiding).
  2725 | D:3      | HP: 5/26 [orc/+0 whip (2)]
  2726 | D:3      | 2726 ||| READING scroll of teleportation.
  2726 | D:3      | HP: 2/26 [orc/+0 whip (2)]
  2727 | D:3      | Slain by an orc

Levels and vault maps discovered:
D:1:      nagdon_arrival_double_spiral, layout_loops_ring, serial_shops, shop,
          hellmonk_ecumenical_altar_the_god_not_taken,
          minmay_misc_feat_four_crosses, nicolae_hexahallways
D:2:      layout_basic
D:3:      layout_basic, chequers_serial_rivers_room_b, st_stairs_8,
          minmay_misc_feat_five, uniq_jessica

Skill      XL: |  1  2  3  4 |
---------------+-------------+-----
Axes           | 3 4 5 |  5.0
Armour         | 2 |  2.2
Fighting       | |  2.0
Throwing       | |  1.0
Dodging        | |  2.1
Spellcasting   | |  2.0
Translocations | |  2.4

Action                   |  1- 3 |  4- 6 || total
-------------------------+-------+-------++-------
Melee: Hand axe          |    94 |    20 ||   114
       Kick              |    17 |     6 ||    23
       Peck              |     6 |     1 ||     7
       Punch             |     2 |       ||     2
Throw: Boomerang         |     7 |       ||     7
       Javelin           |       |     1 ||     1
  Use: Scroll            |     4 |     1 ||     5
       Potion            |     1 |       ||     1
Armor: Leather armour    |     5 |       ||     5
       Ring mail         |    15 |       ||    15
       Chain mail        |     3 |    12 ||    15
Dodge: Dodged            |    42 |    10 ||    52

Table legend:
 A = Non-vault XP
 B = Vault XP
 C = Vault XP percentage of total XP
 D = Non-vault monster count
 E = Vault monster count
 F = Vault count percentage of total count
                 A         B        C        D         E       F
            +---------+---------+-------+---------+---------+-------
      Total |     121 |      37 |  23.4 |      41 |       1 |   2.4
            +---------+---------+-------+---------+---------+-------
        D:1 |      36 |       0 |   0.0 |      21 |       0 |   0.0
        D:2 |      26 |       0 |   0.0 |      15 |       0 |   0.0
        D:3 |      59 |      37 |  38.5 |       5 |       1 |  16.7
            +---------+---------+-------+---------+---------+-------
